 Dungeon Crawl Stone Soup version 0.14-a0-3154-g428849b (webtiles) character file.

680 HollowCharge the Slasher (level 7, -8/48 HPs)
             Began as a High Elf Gladiator on Mar 9, 2014.
             Mangled by an ogre
             ... wielding a +0,+0 giant club
              (18 damage)
             ... on Level 5 of the Dungeon.
             The game lasted 00:22:24 (4600 turns).

HollowCharge the Slasher (High Elf Gladiator)       Turns: 4600, Time: 00:22:54

HP  -8/48        AC  9     Str 16      XL: 7   Next:  0%
MP  12/12        EV 10     Int 12      God:
Gold 167         SH  0     Dex 16      Spells:  0 memorised,  6 levels left

rFire  . . .     SeeInvis +     a - +0,+1 long sword
rCold  . . .     Clarity  .     g - +2 ring mail
rNeg   . . .     Conserve .     (no shield)
rPois  .         rCorr    .     p - +0 helmet
rElec  .         rRot     .     u - +0 cloak
SustAb + .       Spirit   .     (no gloves)
rMut   .         Warding  .     (no boots)
Saprov . . .     Stasis   .     (no amulet)
MR     .....                    o - ring of sustain abilities
                                r - ring of see invisible

@: heavily drained, not resistant to hostile enchantments, very unstealthy
A: no striking features
a: no special abilities


You were on level 5 of the Dungeon.
You were not hungry.

You visited 1 branch of the dungeon, and saw 5 of its levels.

You collected 167 gold pieces.

Inventory:

Hand weapons
 a - a +0,+1 long sword (weapon)
 n - a +0,+0 long sword
 x - a +4,+1 flail of holy wrath
Missiles
 y - a throwing net [frayed] (quivered)
Armour
 g - a +2 ring mail (worn)
 k - a swamp dragon hide
 p - a +0 helmet (worn)
 u - a +0 cloak (worn)
Magical devices
 j - a wand of disintegration (3)
Comestibles
 b - a rotting chunk of quokka flesh
 c - 2 pears
 d - an apple
 f - 4 bread rations
 h - 2 chokos
 l - 4 meat rations
 m - 3 chunks of hobgoblin flesh
 z - a chunk of rat flesh
Scrolls
 i - 6 scrolls of remove curse
 s - 2 scrolls of identify
Jewellery
 o - a ring of sustain abilities (right hand)
 r - a ring of see invisible (left hand)
 t - an uncursed ring of magical power
 v - an uncursed ring of sustenance
Potions
 e - a potion of heal wounds
 q - a potion of restore abilities {unknown}
 w - a potion of flight {unknown}


   Skills:
 + Level 4.2(1.8) Fighting
 + Level 6.1(3.6) Long Blades
 - Level 2.1(0.0) Throwing
 + Level 1.5(0.0) Armour
 + Level 5.6(3.1) Dodging
 - Level 0.2(0.0) Stealth


You had 6 spell levels left.
You didn't know any spells.

Dungeon Overview and Level Annotations

Branches:
Dungeon (5/16)
 Temple: D:4-7

Altars:
Dithmenos
Makhleb
Nemelex Xobeh
Sif Muna
Trog

Shops:
D:5 :


Message History

The orc wizard is severely wounded.
The orc wizard barely misses you.
The orc priest becomes somewhat translucent.
You barely miss the orc wizard.
The orc wizard is severely wounded.
The orc wizard gestures at you while chanting.
The magic dart hits you!
The orc priest hits you but does no damage.
You smell something rotten. (slot b)
The orc priest mumbles some strange prayers to Beogh against you.
Something smites you!
There is an escape hatch in the floor here.
The orc priest calls down the wrath of Beogh upon you.
Something smites you!
* * * LOW HITPOINT WARNING * * *
The orc wizard mumbles some strange words.
You feel a wave of unholy energy pass over you.
You slide downwards.
The hatch slams shut behind you. The ogre hits you with a giant club!
You die...

##################
#................#
#....###########.# #....#
#.# #....# #.# #....## #.#
....(.##########.#######
................o......#.#.
..>.............@O<........
...∩..##.........#####.#.#.
###.### .......... #.#
........## #.# ........#
#.# %......# ... ......#
#.# .....# #.# #.#


You could see an ogre and an orc wizard.

Vanquished Creatures
  Edmund (D:4)
  2 orc priests (D:3)
  2 hounds
  A worker ant (D:4)
  2 orc wizards
  Jessica (D:2)
  5 adders
  2 giant mites
  2 worms
  An orc skeleton (D:4)
  2 giant geckos
  An ooze (D:4)
  18 orcs
  A ball python (D:1)
  9 bats
  A bat zombie (D:5)
  2 giant cockroaches
  8 hobgoblins
  3 jackals (D:4)
  5 quokkas
  11 giant newts
  9 goblins
  11 kobolds
  11 rats
  A rat skeleton (D:4)
112 creatures vanquished.

Notes
Turn   | Place    | Note
--------------------------------------------------------------
     0 | D:1      | HollowCharge, the High Elf Gladiator, began the quest for the Orb.
     0 | D:1      | Reached XP level 1. HP: 14/14 MP: 2/2
   260 | D:1      | Reached XP level 2. HP: 16/19 MP: 3/3
   920 | D:2      | Noticed Jessica
   928 | D:2      | Killed Jessica
   928 | D:2      | Reached skill level 4 in Long Blades
   928 | D:2      | Reached XP level 3. HP: 24/24 MP: 5/5
  1090 | D:2      | Reached skill level 1 in Armour
  1387 | D:2      | Found a deep blue altar of Sif Muna.
  1607 | D:2      | Reached XP level 4. HP: 30/30 MP: 7/7
  1669 | D:2      | Found a sparkling altar of Nemelex Xobeh.
  2096 | D:3      | Found a shadowy altar of Dithmenos.
  2445 | D:3      | Reached XP level 5. HP: 24/36 MP: 8/8
  2969 | D:3      | Reached skill level 5 in Long Blades
  2971 | D:3      | Noticed a moth of wrath
  2974 | D:3      | Found a bloodstained altar of Trog.
  3225 | D:3      | Reached skill level 5 in Dodging
  3445 | D:4      | Noticed Edmund
  3568 | D:4      | Reached XP level 6. HP: 41/43 MP: 10/10
  3599 | D:4      | Found a burning altar of Makhleb.
  4221 | D:5      | Entered Level 5 of the Dungeon
  4316 | D:5      | Found Coyfear's Book Shoppe.
  4478 | D:4      | Killed Edmund
  4478 | D:4      | Reached skill level 6 in Long Blades
  4589 | D:4      | Reached XP level 7. HP: 27/48 MP: 12/12
  4600 | D:5      | Mangled by an ogre

Action                   |  1- 3 |  4- 6 |  7- 9 || total
-------------------------+-------+-------+-------++-------
Melee: Long sword        |   106 |   290 |     3 ||   399
Throw: Throwing net      |     1 |     7 |       ||     8
Evoke: Wand              |       |     6 |     3 ||     9
  Use: Scroll            |       |    11 |       ||    11
       Potion            |       |     1 |     1 ||     2
 Stab: Held in net/web   |     1 |     6 |       ||     7
       Sleeping          |       |     1 |       ||     1
